 Dungeon Crawl Stone Soup version 0.24.0-123-gd5b16e6ec5 (webtiles) character file.

Game seed: 2890101264433626466, levelgen mode: deterministic

17215 FishyPogo the Zephyrmancer (level 12, -14/93 HPs)
             Began as a Red Draconian Air Elementalist on Dec 31, 2019.
             Was a High Priest of Nemelex Xobeh.
             Hit by a large rock thrown by a cyclops (39 damage)
             ... on level 12 of the Dungeon on Jan 1, 2020.
             The game lasted 01:04:53 (10755 turns).

FishyPogo the Zephyrmancer (DrAE)                  Turns: 10755, Time: 01:04:53

Health: -14/93     AC: 11    Str: 13    XL:     12   Next: 16%
Magic:  21/21      EV: 17    Int: 16    God:    Nemelex Xobeh [*****.]
Gold:   549        SH:  0    Dex: 14    Spells: 7/23 levels left

rFire    + . .     SeeInvis +   h - +3 scimitar (flame)
rCold    + . .     Gourm    .   (no shield)
rNeg     . . .     Faith    .   (armour unavailable)
rPois    +         Spirit   .   (helmet restricted)
rElec    .         Reflect  .   v - +1 cloak {rPois}
rCorr    .         Harm     .   k - +0 pair of gloves
MR       .....                  (no boots)
Stlth    ++........             I - amulet of magic regeneration
HPRegen  0.25/turn              z - ring of protection from cold
MPRegen  0.42/turn              G - ring of see invisible

@: drained
A: breathe fire, unfitting armour, fire resistance 1, frail 1, cold-blooded, AC
+8
a: Breathe Fire, Draw Escape, Draw Destruction, Draw Summoning, Triple Draw,
Deal Four, Stack Five, Renounce Religion


You were on level 12 of the Dungeon.
You worshipped Nemelex Xobeh.
Nemelex Xobeh was extremely pleased with you.
You were not hungry.

You visited 1 branch of the dungeon, and saw 12 of its levels.

You collected 549 gold pieces.

Inventory:

Hand Weapons
 h - a +3 scimitar of flaming (weapon)
 D - a +6 broad axe
Missiles
 a - 47 poisoned darts
 d - 323 stones (quivered)
 g - a throwing net
 s - 7 boomerangs
 A - 4 javelins
 B - 5 silver javelins
Armour
 k - a +0 pair of gloves (worn)
 v - a +1 cloak of poison resistance (worn)
 M - a +0 buckler
Jewellery
 z - a ring of protection from cold (left hand)
 G - a ring of see invisible (right hand)
 I - an amulet of magic regeneration (around neck)
Wands
 p - a wand of acid (26)
 x - a wand of iceblast (17)
 C - a wand of polymorph (7)
 F - a wand of flame (14)
 K - a wand of random effects (14)
 L - a wand of disintegration (23)
Scrolls
 e - 2 scrolls of immolation {unknown}
 f - 2 scrolls of identify
 j - a scroll of amnesia {unknown}
 m - 3 scrolls of random uselessness {unknown}
 n - 2 scrolls of magic mapping
 o - 4 scrolls of teleportation
 r - a scroll of fog {unknown}
 t - 6 scrolls of remove curse {unknown}
 w - 2 scrolls of fear {unknown}
 y - a scroll of blinking {unknown}
 H - a scroll of enchant armour {unknown}
Potions
 c - a potion of agility
 i - 3 potions of might
 l - 7 potions of curing
 q - 4 potions of heal wounds
 u - 3 potions of flight
 E - a potion of resistance
 J - 3 potions of degeneration
 O - 2 potions of haste
Comestibles
 b - 23 rations


   Skills:
 - Level 9.0(8.2) Fighting
 - Level 3.9(3.2) Long Blades
 * Level 1.2(0.5) Axes
 + Level 9.6(8.8) Dodging
 - Level 2.0(1.3) Stealth
 * Level 2.4(1.8) Shields
 - Level 6.0(5.2) Spellcasting
 - Level 2.0(1.4) Conjurations
 - Level 5.0(4.3) Fire Magic
 + Level 10.1(9.2) Air Magic
 + Level 7.9(7.2) Invocations


You had 7 spell levels left.
You knew the following spells:

 Your Spells              Type           Power        Failure   Level  Hunger
a - Shock                 Conj/Air       ###.         1%          1    None
b - Static Discharge      Conj/Air       ###.....     4%          3    ###....
c - Mephitic Cloud        Conj/Pois/Air  ###.....     11%         3    ###....
d - Conjure Flame         Conj/Fire      ##......     14%         3    ###....
p - Airstrike             Air            ####......   3%          4    ####...
y - Swiftness             Chrm/Air       ###.....     3%          2    #......

Your spell library contained the following spells:

 Spells                   Type           Power        Failure   Level  Hunger
 Magic Dart               Conj           #...         9%          1    None
 Blink                    Tloc           N/A          22%         2    #......
 Call Imp                 Summ           #.......     22%         2    #......
 Slow                     Hex            #.......     22%         2    #......
 Lightning Bolt           Conj/Air       ###.......   43%         5    ######.


Dungeon Overview and Level Annotations

Branches:
Dungeon (12/15)            Temple (0/1) D:4            Lair (0/6) D:8
    Orc (0/2) D:11

Altars:
Ashenzari
Dithmenos
Hepliaklqana
Makhleb
Nemelex Xobeh
Okawaru
Qazlal
Trog
Wu Jian
Xom
Zin

Shops:
D:7 *


Innate Abilities, Weirdness & Mutations

You can breathe blasts of fire.
Your fiery red scales are hard. (AC +8)
You cannot fit into any form of body armour.
Your flesh is heat resistant. (rF+)
You are cold-blooded and may be slowed by cold attacks.
You are frail. (-10% HP)


Message History

Confirm with . or Enter, or press ? or * to list all spells.
Aiming: Airstrike (safe; 3% risk of failure)
Press: ? - help, Dir - move target cursor, f - cyclops
Aim: a cyclops (hasn't noticed you)
Okay, then.
The cyclops shouts!
You climb upwards.
There is a stone staircase leading down here.
Magic restored.
There is an open door here.
You see here a rapier.
All of the chunks of flesh in your inventory have rotted away.
There is an open door here.
There is a stone staircase leading down here.
You climb downwards.
There is a stone staircase leading up here.
There is a stone staircase leading up here.
The cyclops throws a large rock.
The large rock hits you!!!
You die...
Your body glows slightly and disappears.

... .. ..
.... ..#..##
...#...
..#...#
...#...
.....#
.......
.....## .....
......#
...##......#
#.#@.#....
#....##..##
#....#....#
#.........#
#.........##
#..#.....<.#
#####.......#
#...C......#
............#


You could see a cyclops.

Vanquished Creatures
  Snorg (D:11)
  A centaur warrior (D:9)
  Erica (D:9)
  2 two-headed ogres (D:10)
  Urug (D:11)
  An unseen horror (D:11)
  A manticore (D:12)
  A cyclops (D:11)
  A shining eye (D:8)
  A centaur zombie (D:11)
  Joseph (D:9)
  Psyche (D:10)
  A kobold demonologist (D:8)
  A troll (D:11)
  A hornet (D:10)
  2 hippogriffs
  Sigmund (D:2)
  A wyvern (D:9)
  11 yaks
  A hungry ghost (D:9)
  Menkaure (D:7)
  2 wargs (D:11)
  An acid dragon (D:10)
  2 water moccasins
  3 porcupines (D:8)
  3 orc warriors
  2 ice beasts
  A sky beast (D:8)
  8 black bears
  2 necrophages
  2 phantoms (D:6)
  5 ogres
  3 wolves
  4 centaurs
  3 crocodiles
  13 big kobolds
  6 bullfrogs
  8 killer bees
  4 howler monkeys
  A vampire bat (D:12)
  4 crimson imps
  12 orc wizards
  4 hounds
  3 jellies
  2 bullfrog skeletons
  A centaur skeleton (D:5)
  6 orc priests
  Terence (D:3)
  Crazy Yiuf (D:4)
  3 iguanas
  13 worker ants
  3 hound skeletons
  2 worker ant zombies
  6 gnolls
  A howler monkey skeleton (D:5)
  18 adders
  2 shadow imps
  An ooze (D:5)
  3 adder skeletons
  7 worms
  3 dart slugs (D:2)
  7 leopard geckos
  41 orcs
  A ball python (D:5)
  7 bats
  3 giant cockroaches
  6 goblins
  6 hobgoblins
  6 jackals
  3 quokkas
  7 frilled lizards
  14 kobolds
  10 rats
  6 plants (D:8)
319 creatures vanquished.

Vanquished Creatures (collateral kills)
  A gnoll (D:9)
1 creature vanquished.

Vanquished Creatures (others)
  A hippogriff (D:9)
  A hound (D:10)
  An adder (D:2)
  3 gnolls
  A ball lightning (D:11)
  An orc (D:11)
  A bat (D:2)
  A fire vortex (D:9)
10 creatures vanquished.

Grand Total: 330 creatures vanquished

Notes
Turn   | Place    | Note
-------+----------+-------------------------------------------
     0 | D:1      | FishyPogo the Draconian Air Elementalist began the quest
                  | for the Orb.
     0 | D:1      | Reached XP level 1. HP: 14/14 MP: 3/3
   138 | D:1      | Reached skill level 1 in Fighting
   205 | D:1      | Reached XP level 2. HP: 23/23 MP: 0/5
   209 | D:1      | Learned a level 2 spell: Swiftness
   703 | D:2      | Found a faded altar of an unknown god.
   715 | D:2      | Became a worshipper of Nemelex Xobeh the Trickster
   715 | D:2      | Received a gift from Nemelex Xobeh
   715 | D:2      | Reached * piety under Nemelex Xobeh
   715 | D:2      | Received a gift from Nemelex Xobeh
   836 | D:2      | Reached XP level 3. HP: 27/30 MP: 1/6
   877 | D:2      | Found a shadowy altar of Dithmenos.
  1024 | D:2      | Found a shimmering altar of Xom.
  1046 | D:2      | Reached XP level 4. HP: 26/38 MP: 5/7
  1558 | D:2      | Noticed Sigmund
  1824 | D:3      | Reached XP level 5. HP: 32/46 MP: 4/8
  1890 | D:3      | Reached ** piety under Nemelex Xobeh
  1996 | D:3      | Noticed an ogre
  2105 | D:2      | Killed Sigmund
  2105 | D:2      | Reached XP level 6. HP: 12/53 MP: 5/11
  2306 | D:3      | Noticed Terence
  2318 | D:3      | Killed Terence
  2767 | D:4      | Received a gift from Nemelex Xobeh
  2775 | D:4      | Found a staircase to the Ecumenical Temple.
  2783 | D:4      | Reached skill level 5 in Fighting
  2783 | D:4      | Your scales start taking on a fiery red colour.
  2783 | D:4      | Reached XP level 7. HP: 41/61 MP: 7/13
  2783 | D:4      | Gained mutation: Your flesh is heat resistant. (rF+) [Red
                  | Draconian growth]
  2899 | D:4      | Found a runed translucent door.
  2900 | D:4      | Noticed Crazy Yiuf
  2906 | D:4      | Killed Crazy Yiuf
  2961 | D:4      | Reached skill level 4 in Air Magic
  3122 | D:4      | Found a burning altar of Makhleb.
  3235 | D:5      | Entered Level 5 of the Dungeon
  3380 | D:5      | Reached XP level 8. HP: 58/69 MP: 12/15
  3394 | D:5      | Reached skill level 5 in Air Magic
  3550 | D:5      | Reached skill level 5 in Spellcasting
  3760 | D:5      | Reached *** piety under Nemelex Xobeh
  3798 | D:5      | Received a gift from Nemelex Xobeh
  4071 | D:6      | Found a shattered altar of Ashenzari.
  4130 | D:6      | Reached skill level 1 in Invocations
  4210 | D:6      | Found a bloodstained altar of Trog.
  4224 | D:6      | Reached skill level 5 in Dodging
  4279 | D:6      | Learned a level 3 spell: Static Discharge
  4324 | D:6      | Found a hazy altar of Hepliaklqana.
  4324 | D:6      | Found a stormy altar of Qazlal.
  4324 | D:6      | Found an ornate altar of the Wu Jian Council.
  4556 | D:6      | Reached XP level 9. HP: 42/78 MP: 17/17
  4581 | D:6      | Received a gift from Nemelex Xobeh
  4647 | D:6      | Learned a level 3 spell: Mephitic Cloud
  4651 | D:6      | Learned a level 3 spell: Conjure Flame
  4936 | D:7      | Reached skill level 1 in Fire Magic
  4969 | D:7      | Noticed Menkaure
  4981 | D:7      | Killed Menkaure
  5061 | D:7      | Reached **** piety under Nemelex Xobeh
  5097 | D:7      | Received a gift from Nemelex Xobeh
  5342 | D:7      | Found Raisoang's General Store.
  5447 | D:7      | Received a gift from Nemelex Xobeh
  5840 | D:8      | Reached skill level 5 in Fire Magic
  5840 | D:8      | Reached skill level 6 in Air Magic
  5847 | D:8      | Found a staircase to the Lair.
  5928 | D:8      | Learned a level 4 spell: Airstrike
  5944 | D:8      | Reached XP level 10. HP: 52/86 MP: 1/19
  6059 | D:8      | Noticed Grum
  6059 | D:8      | Noticed a two-headed ogre
  6073 | D:7      | Reached skill level 7 in Air Magic
  6186 | D:8      | Noticed a shining eye
  6186 | D:8      | a two-headed ogre changed into a shining eye
  6186 | D:8      | Noticed Grum
  6186 | D:8      | Grum changed into Grum the worm
  6191 | D:8      | Gained mutation: You are frail. (-10% HP) [a shining eye]
  6192 | D:8      | Killed a shining eye
  6200 | D:8      | Killed Grum the worm
  6665 | D:8      | Received a gift from Nemelex Xobeh
  6803 | D:8      | Reached skill level 8 in Air Magic
  7120 | D:9      | Reached ***** piety under Nemelex Xobeh
  7120 | D:9      | Found an iron altar of Okawaru.
  7120 | D:9      | Noticed Joseph
  7366 | D:9      | Killed Joseph
  7366 | D:9      | Reached skill level 5 in Invocations
  7395 | D:9      | Received a gift from Nemelex Xobeh
  7451 | D:9      | Noticed a centaur warrior
  7463 | D:9      | HP: 2/77 [centaur warrior (4)]
  7465 | D:9      | Killed a centaur warrior
  7488 | D:9      | HP: 2/77 [big kobold/stone (6)]
  7623 | D:9      | Reached skill level 9 in Air Magic
  7710 | D:9      | Noticed Erica
  7718 | D:9      | Killed Erica
  7718 | D:9      | Reached XP level 11. HP: 36/82 MP: 20/20
  7761 | D:9      | Received a gift from Nemelex Xobeh
  7861 | D:8      | Reached skill level 1 in Long Blades
  8613 | D:10     | Entered Level 10 of the Dungeon
  8766 | D:10     | Received a gift from Nemelex Xobeh
  9032 | D:10     | Noticed a two-headed ogre
  9079 | D:10     | Noticed Psyche
  9086 | D:10     | Killed Psyche
  9254 | D:10     | Noticed a two-headed ogre
  9261 | D:10     | Killed a two-headed ogre
  9360 | D:10     | Killed a two-headed ogre
  9518 | D:11     | Found a staircase to the Orcish Mines.
  9520 | D:11     | Noticed Snorg
  9533 | D:11     | Killed Snorg
 10093 | D:11     | Noticed an unseen horror
 10101 | D:11     | Killed an unseen horror
 10136 | D:11     | Reached skill level 1 in Shields
 10136 | D:11     | Reached skill level 10 in Air Magic
 10136 | D:11     | Reached XP level 12. HP: 13/93 MP: 16/21
 10220 | D:11     | Received a gift from Nemelex Xobeh
 10320 | D:11     | Found a glowing silver altar of Zin.
 10325 | D:11     | Noticed Urug
 10344 | D:11     | Killed Urug
 10685 | D:12     | Found a glowing silver altar of Zin.
 10699 | D:12     | Reached skill level 1 in Axes
 10755 | D:12     | Hit by a large rock thrown by a cyclops

Levels and vault maps discovered:
D:1:      dpeg_arrival_subterranean_lakeside_camping, layout_loops_ring
D:2:      layout_basic, grunt_dithmenos_smoke, brannock_xom_greatest_gift,
          chequers_ecumenical_altar_simple, uniq_sigmund
D:3:      layout_basic, uniq_terence
D:4:      layout_rooms, kennysheep_mini, minmay_temple_entry_mini_moons,
          uniq_crazy_yiuf_cottage
D:5:      layout_gridville, first_ration
D:6:      layout_cave_pools, gammafunk_temple_overflow_claw,
          ashenzari_conservatory_becter, trog_ov_bears_minmay
D:7:      layout_basic, serial_shops, nicolae_shop_statue_plus, uniq_menkaure
D:8:      layout_loops_ring, minmay_lair_entry_grove, special_room
          [special_room_kobold], blue_anna_alchemist [blue_anna_fruit_fields,
          blue_anna_fruit_fields], uniq_grum
D:9:      layout_layer_cave, basic_altar, uniq_erica, uniq_joseph
D:10:     layout_basic, chequers_serial_rivers_micro_a, minivault_5, uniq_psyche
D:11:     layout_roguey, erik_orc_3, basic_altar, uniq_snorg, uniq_urug
D:12:     layout_cave_pools, gammafunk_ghost_hydra_chop, basic_altar,
          kennysheep_cluttered_room, roderic_batcave

Skill      XL: |  1  2  3  4  5  6  7  8  9 10 11 12 |
---------------+-------------------------------------+-----
Fighting       | 1 2 3 4 5 6 7 9 |  9.0
Stealth        | 2 |  2.0
Dodging        | 2 3 4 5 6 8 9 |  9.6
Spellcasting   | 3 4 5 6 |  6.0
Air Magic      | 4 5 6 9 10 | 10.1
Invocations    | 3 4 6 7 |  7.9
Fire Magic     | 5 |  5.0
Conjurations   | 2 |  2.0
Long Blades    | 3 |  3.9
Shields        | 1 2 |  2.4
Axes           | 1 |  1.2

Action                   |  1- 3 |  4- 6 |  7- 9 | 10-12 || total
-------------------------+-------+-------+-------+-------++-------
Melee: Unarmed           |     9 |       |       |       ||     9
       Spear             |    23 |    93 |   167 |       ||   283
       Tailslap          |     1 |     8 |    26 |    62 ||    97
       Dagger            |       |       |    78 |   266 ||   344
       Scimitar          |       |       |       |   148 ||   148
Throw: Stone             |       |    10 |     1 |     1 ||    12
 Cast: Shock             |    52 |    93 |   128 |   228 ||   501
       Airstrike         |       |       |     3 |    20 ||    23
       Mephitic Cloud    |       |       |     3 |     3 ||     6
       Swiftness         |       |       |     1 |       ||     1
       Static Discharge  |       |       |     1 |       ||     1
Invok: Deal Four         |       |       |       |     2 ||     2
 Abil: Draw Destruction  |     2 |     2 |     5 |     7 ||    16
       Breathe Fire      |       |       |    29 |    33 ||    62
       Draw Escape       |       |       |     1 |       ||     1
  Use: Potion            |     1 |     2 |     1 |     5 ||     9
       Scroll            |       |       |     5 |     2 ||     7
 Stab: Sleeping          |     1 |       |     2 |     1 ||     4
       Distracted        |       |     1 |       |     1 ||     2
       Petrified         |       |       |       |     7 ||     7
       Petrifying        |       |       |       |     2 ||     2
       Confused          |       |       |       |     2 ||     2
  Eat: Chunk             |     1 |     7 |    16 |    26 ||    50
Armor: Skin              |    16 |    24 |   102 |   156 ||   298
Dodge: Dodged            |    32 |    38 |   202 |   400 ||   672
       Rpst.: Scimitar   |       |       |       |    43 ||    43
